 Dungeon Crawl Stone Soup version 0.31-a0-263-ge8cad7f256 (webtiles) character file.

Game seed: 5413012509418927620

123 qw the Shooter (level 4, 0/37 HPs)
             Began as a Minotaur Hexslinger on July 13, 2023.
             Was an Initiate of Okawaru.
             Slain by a cerulean imp
             ... wielding a +0 spear
             ... summoned by Natasha
              (3 damage)
             ... on level 3 of the Dungeon.
             The game lasted 00:00:43 (2183 turns).

qw the Shooter (Minotaur Hexslinger)                Turns: 2183, Time: 00:00:43

Health: 0/37       AC:  2    Str: 12    XL:     4   Next: 79%
Magic:  4/4        EV: 12    Int: 10    God:    Okawaru [......]
Gold:   153        SH:  0    Dex: 15    Spells: 4/5 levels left

rFire   . . .        Y - +1 sling (freeze)
rCold   . . .        (no shield)
rNeg    . . .        c - +0 robe
rPois   .            (helmet restricted)
rElec   .            (no cloak)
rCorr   .            (no gloves)
SInv    .            (no boots)
Will    .....        (no amulet)
Stlth   +            (no ring)
HPRegen 0.26/turn    (no ring)
MPRegen 0.09/turn

%: no passive effects
@: slowed, very slow
A: horns 2, retaliatory headbutt
a: Renounce Religion


You were on level 3 of the Dungeon.
You worshipped Okawaru.
Okawaru was noncommittal.
You visited 1 branch of the dungeon, and saw 3 of its levels.

You collected 153 gold pieces.


Innate Abilities, Weirdness & Mutations

You have a pair of horns on your head.
You reflexively headbutt those who attack you in melee.


   Skills:
 + Level 2.6 Fighting
 - Level 5.1 Ranged Weapons
 - Level 2.1 Dodging
 - Level 1.0 Spellcasting
 - Level 2.0 Hexes


You had 4 spell levels left.
You knew the following spells:

 Your Spells              Type           Power      Damage    Failure   Level
a - Slow                  Hex            16%        N/A       16%         1

Your spell library contained the following spells:

 Spells                   Type           Power      Damage    Failure   Level
 Inner Flame              Hex/Fire       2%         N/A       56%         3
 Portal Projectile        Hex/Tloc       4%         N/A       56%         3
 Cause Fear               Hex            2%         N/A       83%         4

Inventory:

Hand Weapons
 Y - a +1 sling of freezing (weapon)
Armour
 c - a +0 robe (worn)
Scrolls
 f - a scroll of identify
Potions
 d - a potion of lignification {unknown}
 e - a potion of haste {unknown}
 g - a potion of magic {unknown}

Dungeon Overview and Level Annotations

Branches:
Dungeon (3/15)

Altars:
Ashenzari
Dithmenos
Okawaru

Annotations:
D:3 Natasha


Message History

The sling bullet closely misses Natasha.
Natasha casts a spell.
You shoot a sling bullet. The sling bullet barely misses Natasha.
Natasha stares at you and mumbles some strange words.
You resist with some effort.
You shoot a sling bullet. The sling bullet misses Natasha.
The sling bullet hits the cerulean imp!
The sling bullet freezes the cerulean imp.
The cerulean imp is severely wounded.
Natasha closely misses you.
You shoot a sling bullet.
The sling bullet closely misses Natasha.
The sling bullet hits the cerulean imp but does no damage.
The cerulean imp is severely wounded.
The cerulean imp hits you but does no damage.
Natasha claws you.
The cerulean imp hits you but does no damage.
You shoot a sling bullet. The sling bullet barely misses Natasha.
The sling bullet misses the cerulean imp.
Natasha stares at you and mumbles some strange words.
The magic dart hits you! The cerulean imp barely misses you.
You shoot a sling bullet.
The sling bullet closely misses Natasha.
The sling bullet closely misses the cerulean imp.
Natasha claws you!
The cerulean imp hits you from afar with a +0 spear.
You shoot a sling bullet. The sling bullet misses Natasha.
The sling bullet closely misses the cerulean imp.
Natasha stares at you and mumbles some strange words.
You feel yourself slow down. The cerulean imp closely misses you.
You shoot a sling bullet.
The sling bullet closely misses Natasha.
The sling bullet hits the cerulean imp.
The sling bullet freezes the cerulean imp.
The cerulean imp is almost dead.
Natasha claws you.
The cerulean imp hits you but does no damage.
Natasha claws you.
The cerulean imp hits you from afar with a +0 spear.
You die...

#.## #.)#####.# ###.# #(.## #.#
##.#.###...####.#
.......%...#....#
##.#####...#.#### ).....##.###.#
##..## ##.##.##.# #.# ####....#
...##.##.# #.#######........
#####....###.##.@h5........# #
#..##.....#.####.....#.# ##
#..##>...............#.# .#
##..##.....#.....##.#.#.##
.###...###.#.#..............#
...###..##.#..<..(.....#.#..#
.....#####.#>......###.#.#..#####
8....._###.#..#.#..# #.#.#.......
.....###...........###.#.##^####.


You could see Natasha and a cerulean imp (summoned).

Vanquished Creatures
  Natasha (D:3)
  4 gnolls
  2 adders (D:2)
  A worm (D:2)
  2 dart slugs
  2 ball pythons (D:1)
  5 endoplasms
  A giant cockroach (D:1)
  3 goblins
  2 hobgoblins
  4 quokkas
  2 bats
  5 frilled lizards
  3 kobolds
  A rat (D:2)
38 creatures vanquished.

Notes
Turn   | Place    | Note
-------+----------+-------------------------------------------
     0 | D:1      | qw the Minotaur Hexslinger began the quest for the Orb.
     0 | D:1      | Reached XP level 1. HP: 16/16 MP: 1/1
     0 | D:1      | 0 ||| qw: Version: 0.3-a-52-g30416fa
     0 | D:1      | 0 ||| qw: Game counter: 7351
     0 | D:1      | 0 ||| qw: Melee chars always use a shield: true
     0 | D:1      | 0 ||| qw: God list: Okawaru
     0 | D:1      | 0 ||| qw: Allow faded altars: false
     0 | D:1      | 0 ||| qw: Do Orc after clearing Dungeon:15 true
     0 | D:1      | 0 ||| qw: Do second Lair branch before Depths: true
     0 | D:1      | 0 ||| qw: Lair rune preference: random
     0 | D:1      | 0 ||| qw: Goals: Normal
     0 | D:1      | 0 ||| PLANNING D:1-11
   264 | D:1      | Reached skill level 3 in Ranged Weapons
   264 | D:1      | Reached XP level 2. HP: 23/23 MP: 2/2
   577 | D:1      | 577 ||| READING scroll labelled DIHORY RUFE.
   578 | D:1      | 578 ||| DROPPING scroll of poison.
   830 | D:2      | Reached XP level 3. HP: 29/29 MP: 3/3
  1031 | D:2      | Reached skill level 4 in Ranged Weapons
  1550 | D:2      | 1550 ||| READING scroll labelled KUERINLE XESIO.
  1551 | D:2      | 1551 ||| READING scroll labelled AFEDONOIBU.
  1552 | D:2      | 1552 ||| READING scroll labelled VIUQOR KUS MAA.
  1553 | D:2      | 1553 ||| READING scroll labelled GAROBI REGHE.
  1554 | D:2      | 1554 ||| READING scroll labelled XOIF SIUGU.
  1578 | D:3      | 1578 ||| STAIRDANCE
  1637 | D:3      | Noticed Natasha
  1641 | D:3      | Killed Natasha
  1642 | D:3      | Reached XP level 4. HP: 36/36 MP: 4/4
  1751 | D:3      | Found an iron altar of Okawaru.
  1752 | D:3      | 1752 ||| PLANNING OKAWARU WORSHIP
  1752 | D:3      | 1752 ||| READING scroll labelled ABAORR ATHOCIATA.
  1753 | D:3      | 1753 ||| READING scroll labelled LEDOYNT MEOHA.
  1762 | D:3      | Became a worshipper of Warmaster Okawaru
  1763 | D:3      | 1763 ||| PLANNING D:1-11
  1767 | D:3      | Found a broken altar of Ashenzari.
  1771 | D:3      | Found a shadowy altar of Dithmenos.
  1915 | D:3      | 1915 ||| Stepping ~*~*~tactically~*~*~ (outnumbered).
  1916 | D:3      | 1916 ||| Stepping ~*~*~tactically~*~*~ (outnumbered).
  1922 | D:3      | Reached skill level 5 in Ranged Weapons
  1926 | D:3      | 1926 ||| FLEEEEING.
  1927 | D:3      | 1927 ||| FLEEEEING.
  1928 | D:3      | 1928 ||| FLEEEEING.
  1929 | D:3      | 1929 ||| FLEEEEING.
  1930 | D:3      | 1930 ||| FLEEEEING.
  1931 | D:3      | 1931 ||| FLEEEEING.
  1932 | D:3      | 1932 ||| FLEEEEING.
  1933 | D:3      | 1933 ||| FLEEEEING.
  1934 | D:3      | 1934 ||| FLEEEEING.
  1935 | D:3      | 1935 ||| FLEEEEING.
  1936 | D:3      | 1936 ||| FLEEEEING.
  1937 | D:3      | 1937 ||| FLEEEEING.
  1938 | D:3      | 1938 ||| STAIRDANCE
  1958 | D:3      | 1958 ||| STAIRDANCE
  1961 | D:2      | HP: 5/37 [gnoll/+0 whip (7)]
  1963 | D:2      | HP: 1/37 [gnoll/+0 whip (5)]
  2172 | D:3      | Noticed Natasha
  2183 | D:3      | HP: 9/37 [Natasha (5)]
  2183 | D:3      | HP: 3/37 [Natasha (6)]
  2183 | D:3      | Slain by a cerulean imp

Levels and vault maps discovered:
D:1:      lemuel_arrival_cross, layout_basic, nrook_uturn
D:2:      layout_basic, serial_bayou_lagoon_b
D:3:      layout_loops_ring, minmay_overflow_temple_star_quad,
          grunt_decor_clamped, uniq_natasha, uniq_jessica,
          uniq_crazy_yiuf_cottage

Skill      XL: |  1  2  3  4 |
---------------+-------------+-----
Ranged Weapons | 3 4 5 |  5.1
Fighting       | 2 |  2.6
Dodging        | |  2.1
Spellcasting   | |  1.0
Hexes          | |  2.0

Action                     |  1- 3 |  4- 6 || total
---------------------------+-------+-------++-------
   Fire: Sling             |    95 |    28 ||   123
    Use: Scroll            |     6 |     2 ||     8
 Armour: Robe              |     3 |     3 ||     6
  Dodge: Dodged            |    18 |     8 ||    26

Table legend:
 A = Non-vault XP
 B = Vault XP
 C = Vault XP percentage of total XP
 D = Non-vault monster count
 E = Vault monster count
 F = Vault count percentage of total count
                 A         B        C        D         E       F
            +---------+---------+-------+---------+---------+-------
      Total |     141 |      35 |  19.9 |      37 |       1 |   2.6
            +---------+---------+-------+---------+---------+-------
        D:1 |      23 |       0 |   0.0 |      12 |       0 |   0.0
        D:2 |      69 |       0 |   0.0 |      19 |       0 |   0.0
        D:3 |      49 |      35 |  41.7 |       6 |       1 |  14.3
            +---------+---------+-------+---------+---------+-------
